 Dungeon Crawl Stone Soup version 0.17.0-23-g0de4337 (console) character file.

2151 Kloppie the Cleaver (level 9, -1/80 HPs)
             Began as a Hill Orc Fighter on Nov 14, 2015.
             Was a Priest of Yredelemnul.
             Killed from afar by an electric eel (11 damage)
             ... with a bolt of electricity
             ... on level 7 of the Dungeon.
             The game lasted 00:13:36 (7734 turns).

Kloppie the Cleaver (Hill Orc Fighter)              Turns: 7734, Time: 00:13:36

Health: -1/80      AC: 13    Str: 21    XL:     9   Next: 31%
Magic:  14/14      EV:  4    Int:  8    God:    Yredelemnul [***...]
Gold:   383        SH:  9    Dex: 11    Spells: 0 memorised, 8 levels left

rFire  . . .     SeeInvis .     a - +1 war axe
rCold  . . .     Clarity  .     f - +0 plate armour
rNeg   . . .     SustAt   .     c - +0 shield
rPois  +         Gourm    .     (no helmet)
rElec  .         Spirit   .     (no cloak)
rCorr  .         Warding  .     (no gloves)
rMut   .         Stasis   .     (no boots)
MR     +....                    (no amulet)
Stlth  ..........               B - ring of protection from magic
                                (no ring)

@: somewhat resistant to hostile enchantments, extremely unstealthy
A: poison resistance
a: Recall Undead Slaves, Injury Mirror, Animate Dead, Renounce Religion


You were on level 7 of the Dungeon.
You worshipped Yredelemnul.
Yredelemnul was most pleased with you.
You were very hungry.

You visited 1 branch of the dungeon, and saw 7 of its levels.

You collected 383 gold pieces.

Inventory:

Hand Weapons
 a - a +1 war axe (weapon)
 b - a +0 blowgun
Missiles
 u - 25 poisoned needles
 J - 4 curare-tipped needles
Armour
 c - a +0 shield (worn)
 f - a +0 plate armour (worn)
Jewellery
 j - an uncursed ring of fire
 B - a ring of protection from magic (right hand)
Wands
 p - a wand of slowing (30)
 q - a wand of teleportation (3)
 A - a wand of slowing (11)
 K - a wand of slowing (26)
Scrolls
 k - 3 scrolls of enchant weapon
 l - 3 scrolls of remove curse
 n - a scroll of amnesia
 o - a scroll of identify
 s - 4 scrolls of teleportation
 t - 2 scrolls of blinking
 x - a scroll of random uselessness
 y - a scroll of immolation {unknown}
Potions
 d - 3 potions of might
 g - a potion of invisibility {unknown}
 i - a potion of brilliance
 m - 3 potions of heal wounds
 w - a potion of curing {unknown}
 z - a potion of flight {unknown}
 C - a potion of lignification {unknown}
 E - a potion of mutation {unknown}
Books
 I - a book of Power

   Spells                             Type                      Level
   a - Fulminant Prism                Conjuration/Hexes            4
   b - Iskenderun's Mystic Blast      Conjuration                  4
   c - Venom Bolt                     Conjuration/Poison           5
   d - Bolt of Magma                  Conjuration/Fire/Earth       5
   e - Iron Shot                      Conjuration/Earth            6
   f - Orb of Destruction             Conjuration                  7
   g - Spellforged Servitor           Conjuration/Summoning        7
Comestibles
 e - 7 bread rations
 h - 6 meat rations
 r - a slice of pizza
 v - 3 fruits


   Skills:
 - Level 7.7 Fighting
 + Level 10.0 Axes
 - Level 6.7 Armour
 - Level 3.2 Shields
 + Level 6.8 Invocations


You had 8 spell levels left.
You didn't know any spells.

Dungeon Overview and Level Annotations

Branches:
Dungeon (7/15)             Temple (0/1) D:6

Altars:
Ashenzari
Cheibriados
Elyvilon
Makhleb
Qazlal
Trog
Yredelemnul

Shops:
D:6 *

Annotations:
D:2 Sigmund


Innate Abilities, Weirdness & Mutations

Your system is resistant to poisons.


Message History

The bolt of electricity hits your orc zombie.
You closely miss the electric eel.
The electric eel is lightly wounded.
You hit the plant but do no damage.
The plant is severely damaged.
The electric eel shoots out a bolt of lightning at you!
The bolt of electricity hits the plant.
The bolt of electricity hits you!
* * * LOW HITPOINT WARNING * * *
The bolt of electricity hits the electric eel.
The electric eel completely resists.
The electric eel shoots out a bolt of lightning at you!
The bolt of electricity hits you!
The bolt of electricity hits your orc zombie.
Your orc zombie is destroyed!
The bolt of electricity hits your orc zombie.
The electric eel shoots out a bolt of lightning at you!
The bolt of electricity hits the electric eel.
The electric eel completely resists.
The bolt of electricity hits you!
You die...
Your body rises from the dead as a mindless zombie.

#.##Z#...#
♣♣P≈.≈≈≈≈≈≈
♣♣#.##Z#.###
♣≈≈≈.≈≈≈≈≈
♣♣.#.##Z#####
♣≈≈≈.≈P≈≈≈
♣....##.ZZZ.#
≈≈≈;.≈≈;P
♣♣.#Z.######.##
≈≈≈≈.≈≈≈P♣♣).#.Z#
#.Z.
≈≈≈;.≈≈;♣♣.Z##..##
####Z
≈≈≈≈.≈≈≈PZ.####Z.#
#.... P≈P≈.≈≈;@)##
#..####.###
≈≈≈♣.♣♣..##
##....#.### ....##
#..#.#.Z.# #....##
#.>#.###.# #####
#....#...Z
#.####...#
#.########
#..ZZ.....
##########


You could see 5 electric eels and 2 friendly orc zombies.

Vanquished Creatures
  2 orc warriors
  A phantom (D:6)
  5 ogres
  Blork the orc (D:3)
  A big kobold (D:6)
  2 giant frogs
  A gnoll sergeant (D:6)
  4 wights (D:7)
  A giant frog zombie (D:7)
  2 crimson imps
  2 jellies
  4 orc priests
  Ijyb (D:1)
  An iguana (D:7)
  A giant frog skeleton (D:4)
  5 orc wizards
  Terence (D:2)
  A hound (D:6)
  3 worker ants
  A killer bee zombie (D:5)
  A worker ant zombie (D:7)
  5 gnolls (D:6)
  9 adders
  A shadow imp (D:5)
  An ooze (D:2)
  An adder skeleton (D:7)
  A worm (D:2)
  6 giant geckos
  35 orcs
  6 giant cockroaches
  7 goblins
  13 hobgoblins
  2 quokkas (D:4)
  9 bats
  A giant gecko skeleton (D:4)
  5 giant newts
  11 jackals
  12 kobolds
  A quokka zombie (D:5)
  23 rats
190 creatures vanquished.

Vanquished Creatures (others)
  An ogre (D:6)
  A giant frog zombie (D:7)
  An orc wizard (D:4)
  A worker ant (D:6)
  An orc zombie (D:7)
  An adder skeleton (D:6)
6 creatures vanquished.

Grand Total: 196 creatures vanquished

Notes
Turn   | Place    | Note
--------------------------------------------------------------
     0 | D:1      | Kloppie the Hill Orc Fighter began the quest for the Orb.
     0 | D:1      | Reached XP level 1. HP: 19/19 MP: 1/1
    91 | D:1      | Reached XP level 2. HP: 25/27 MP: 2/2
   170 | D:1      | Reached skill level 4 in Fighting
   838 | D:1      | Reached XP level 3. HP: 33/33 MP: 3/3
  1085 | D:2      | Noticed Ijyb
  1088 | D:2      | Noticed Sigmund
  1449 | D:1      | Killed Ijyb
  1449 | D:1      | Reached XP level 4. HP: 28/41 MP: 4/4
  1610 | D:2      | Found a snail-covered altar of Cheibriados.
  1660 | D:2      | Noticed Terence
  1698 | D:2      | Killed Terence
  1742 | D:2      | Found a shattered altar of Ashenzari.
  1743 | D:2      | Found a white marble altar of Elyvilon.
  1744 | D:2      | Found a bloodstained altar of Trog.
  1746 | D:2      | Found a basalt altar of Yredelemnul.
  1747 | D:2      | Found a stormy altar of Qazlal.
  1750 | D:2      | Became a worshipper of Yredelemnul the Dark
  1840 | D:2      | Reached XP level 5. HP: 37/47 MP: 5/5
  1953 | D:3      | Reached skill level 5 in Fighting
  2215 | D:3      | Reached * piety under Yredelemnul
  2486 | D:3      | Found a burning altar of Makhleb.
  2797 | D:4      | Noticed Blork the orc
  2807 | D:4      | Noticed an ogre
  2811 | D:4      | Reached XP level 6. HP: 5/57 MP: 6/6
  3174 | D:3      | Killed Blork the orc
  3174 | D:3      | Reached skill level 6 in Fighting
  3174 | D:3      | Reached skill level 5 in Axes
  3174 | D:3      | Reached skill level 5 in Armour
  3987 | D:4      | Reached XP level 7. HP: 58/64 MP: 7/7
  4051 | D:4      | Noticed an orc warrior
  4126 | D:3      | Reached ** piety under Yredelemnul
  4330 | D:3      | Killed an orc warrior
  4772 | D:4      | Reached skill level 7 in Fighting
  4875 | D:4      | Killed an ogre
  5181 | D:4      | Noticed an ogre
  5193 | D:4      | Killed an ogre
  5193 | D:4      | Reached XP level 8. HP: 67/73 MP: 8/8
  5345 | D:5      | Entered Level 5 of the Dungeon
  5563 | D:5      | Got a spiked scale mail
  5564 | D:5      | Identified the +1 scale mail of Kolio {rPois rN+ Str-5 Stlth+} (You found it on level 5 of the Dungeon)
  5788 | D:6      | Found Kaluhati's General Store.
  5814 | D:6      | Gained mutation: Your system is resistant to poisons. [potion of beneficial mutation]
  6054 | D:6      | Reached skill level 1 in Invocations
  6208 | D:6      | Reached skill level 8 in Axes
  6574 | D:6      | Found a staircase to the Ecumenical Temple.
  6849 | D:7      | Reached skill level 9 in Axes
  6865 | D:7      | Reached *** piety under Yredelemnul
  6880 | D:7      | Reached skill level 5 in Invocations
  6880 | D:7      | Reached XP level 9. HP: 71/80 MP: 12/12
  7647 | D:7      | Reached skill level 10 in Axes
  7734 | D:7      | Killed from afar by an electric eel

Action                   |  1- 3 |  4- 6 |  7- 9 || total
-------------------------+-------+-------+-------++-------
Melee: War axe           |   109 |   229 |   339 ||   677
 Fire: Blowgun           |       |       |     9 ||     9
Invok: Animate Dead      |       |       |     1 ||     1
Evoke: Wand              |       |     2 |     1 ||     3
  Use: Scroll            |       |       |    15 ||    15
       Potion            |       |       |     1 ||     1
  Eat: Chunk             |     2 |     8 |    12 ||    22
